 Dungeon Crawl Stone Soup version 0.28-a0-991-g956f0ee3d5 (webtiles) character file.

Game seed: 13874775829016174244

53 vurker the Gusty (level 3, -1/15 HPs)
             Began as a Felid Air Elementalist on Dec 4, 2021.
             Succumbed to a goblin's poison
             ... on level 1 of the Dungeon.
             The game lasted 00:01:29 (2337 turns).

vurker the Gusty (Felid Air Elementalist)           Turns: 2337, Time: 00:01:30

Health: -1/15      AC:  1    Str:  4    XL:     3   Next: 64%
Magic:  4/7        EV: 17    Int: 18    God:
Gold:   0          SH:  0    Dex: 16    Spells: 6/7 levels left
                                        Lives:  0   Deaths: 0

rFire   . . .      SeeInvis +   (weapon unavailable)
rCold   . . .      Faith    .   (shield unavailable)
rNeg    . . .      Spirit   .   (armour unavailable)
rPois   .          Reflect  .   (helmet unavailable)
rElec   .          Harm     .   (cloak unavailable)
rCorr   .          Rampage  .   (gloves unavailable)
Will    .....                   (boots unavailable)
Stlth   ++........              (no amulet)
HPRegen 0.05/turn               (no ring)
MPRegen 0.10/turn               (no ring)

@: lethally poisoned (-1 -> -16), quick
A: very small, claws 1, fangs 3, see invisible, speed 1, shaggy fur 1, stealthy
paws, no weapons or thrown items, no armour, multi-lived
a: no special abilities


You were on level 1 of the Dungeon.
You visited 1 branch of the dungeon, and saw 2 of its levels.

Inventory:

Scrolls
 a - 2 scrolls of noise {unknown}
 b - a scroll of magic mapping {unknown}
 c - a scroll of teleportation {unknown}


   Skills:
 + Level 1.0 Fighting
 - Level 2.6 Dodging
 - Level 2.6 Stealth
 * Level 2.6 Spellcasting
 + Level 1.3 Conjurations
 * Level 3.3 Air Magic


You had 6 spell levels left.
You knew the following spells:

 Your Spells              Type           Power      Damage    Failure   Level
a - Shock                 Conj/Air       40%        1d5       6%          1

Your spell library contained the following spells:

 Spells                   Type           Power      Damage    Failure   Level
 Static Discharge         Conj/Air       10%        N/A       10%         2
 Swiftness                Air            14%        N/A       13%         3
 Airstrike                Air            7%         N/A       38%         4


Dungeon Overview and Level Annotations

Branches:
Dungeon (2/15)

Altars:

Annotations:
D:2 Robin


Innate Abilities, Weirdness & Mutations

You have sharp claws.
You have razor-sharp teeth.
You have supernaturally acute eyesight. (SInv)
You cover ground quickly. (Speed+)
You are covered in fur. (AC +1)
Your paws help you pounce on unaware monsters.
You are incapable of wielding weapons or throwing items.
You cannot wear armour.
You gain extra lives every three experience levels.


Message History

You open the door.
Aim: a frilled lizard (wandering, hasn't noticed you, 48% to hit)
The zap misses the frilled lizard.
A frilled lizard is nearby!
Aim: a frilled lizard (48% to hit)
The zap misses the frilled lizard.
The zap hits the frilled lizard.
You kill the frilled lizard!
You open the door.
Key pressed, stopping explore.
You can't see any susceptible monsters within range! (Use Z to cast anyway.)
Things that are here:
a +0 dagger; 4 stones You can't see any susceptible monsters within range! (Use Z to cast anyway.) Done exploring.
You can't see any susceptible monsters within range! (Use Z to cast anyway.) Done exploring.
You can't see any susceptible monsters within range! (Use Z to cast anyway.) Done exploring.
Done exploring.
You can't see any susceptible monsters within range! (Use Z to cast anyway.)
There is a stone staircase leading down here.
You climb downwards.
The goblin shouts! x2; Robin shouts!
The goblin shouts!
The hobgoblin shouts!
The goblin shouts! x3; You hear an angry hiss.
Found 15 gold pieces.
Found a stone staircase leading down.
There is a stone staircase leading up here.
The zap hits the goblin. x2
You kill the goblin!
The hobgoblin shouts!
The goblin closely misses you. Robin throws the goblin at you!
The goblin misses you. The goblin hits you but does no damage.
You are poisoned.
The goblin hits you with a +0 dagger. The goblin closely misses you.
You climb upwards.
You feel very sick.
There is a stone staircase leading down here.
You feel sick.
The zap hits the goblin. x2; You feel sick.
The goblin hits you with a +0 dagger of venom.
* * * LOW HITPOINT WARNING * * *
You are lethally poisoned!
Unknown command.
The zap hits the goblin.
The zap misses the goblin.
You feel a bit more experienced.
* * * LOW HITPOINT WARNING * * *
You feel very sick.
Unknown command.
Unknown command.
You aren't carrying any potions.
You die...

#.# #.# #.#...#( #.#######
#.#### #.#.#.#. #.......###....#
#.....#.
#######.#......#########.
########....#................
####......#....#>...............
#.........+...gg.##......###....
#.........#....#g##.......##....
#..............@.###......##....
#...............................
#########.......................
########...............#.......
#..................#..##..#.###
##'#######.................#....
#...........##'#....##.##.###...
#...........##.#............+...
#...........##+#.#'###..#.###...


You could see 2 goblins.

Vanquished Creatures
  2 dart slugs (D:1)
  3 bats (D:1)
  3 endoplasms (D:1)
  A giant cockroach (D:1)
  4 goblins
  3 hobgoblins (D:1)
  3 jackals (D:1)
  4 quokkas (D:1)
  2 ball pythons (D:1)
  13 frilled lizards (D:1)
  7 kobolds (D:1)
  4 rats (D:1)
49 creatures vanquished.

Vanquished Creatures (others)
  6 plants (D:1)
6 creatures vanquished.

Grand Total: 55 creatures vanquished

Notes
Turn   | Place    | Note
-------+----------+-------------------------------------------
     0 | D:1      | vurker the Felid Air Elementalist began the quest for the
                  | Orb.
     0 | D:1      | Reached XP level 1. HP: 7/7 MP: 4/4
    60 | D:1      | Reached skill level 1 in Conjurations
   409 | D:1      | Reached XP level 2. HP: 6/12 MP: 0/6
   631 | D:1      | Reached skill level 3 in Air Magic
  1205 | D:1      | Reached XP level 3. HP: 15/15 MP: 1/7
  1792 | D:1      | Reached skill level 1 in Fighting
  2329 | D:2      | Noticed Robin
  2337 | D:1      | Succumbed to a goblin's poison

Illustrated notes

Levels and vault maps discovered:
D:1:      lightli_arrival_flooded_house, layout_basic, minmay_lizard_king
D:2:      minmay_alternating_diamond, layout_rooms,
          hellmonk_ecumenical_altar_lost_god, uniq_robin

Skill      XL: |  1  2  3 |
---------------+----------+-----
Conjurations   | 1 |  1.3
Air Magic      | 3 |  3.3
Fighting       | 1 |  1.0
Dodging        | |  2.6
Stealth        | |  2.6
Spellcasting   | |  2.6

Action                   || total
-------------------------++-------
Melee: Unarmed           ||    23
       Bite              ||     1
 Cast: Shock             ||    97
Armor: Skin              ||     1
Dodge: Dodged            ||    27

Table legend: (Time is in decaauts)
 A = Elapsed time spent in this place.
 B = Non-inter-level travel time spent in this place.
 C = Inter-level travel time spent in this place.
 D = Time resting spent in this place.
 E = Time spent auto-exploring this place.
 F = Levels seen in this place.
 G = Mean time per level.
                   A        B        C        D        E       F      G
               +--------+--------+--------+--------+--------+-----+--------+
         Total |   2197 |   2190 |      7 |      0 |   1980 |   2 | 1098.5 |
       Dungeon |   2197 |   2190 |      7 |      0 |   1980 |   2 | 1098.5 |
               +--------+--------+--------+--------+--------+-----+--------+

Top non-repeatable levels by time:
     D:1: 2195 daAuts
     D:2: 2 daAuts
